 Dungeon Crawl Stone Soup version 0.31-a0-233-g139696dc86 (webtiles) character file.

Game seed: 5439596234916871584

126 qw the Shooter (level 5, -3/30 HPs)
             Began as a Gargoyle Hexslinger on July 9, 2023.
             Slain by a gnoll
             ... wielding a +0 spear
              (5 damage)
             ... on level 3 of the Dungeon.
             The game lasted 00:00:55 (2082 turns).

qw the Shooter (Gargoyle Hexslinger)                Turns: 2082, Time: 00:00:55

Health: -3/30      AC:  9    Str: 11    XL:     5   Next: 9%
Magic:  6/6        EV: 10    Int: 14    God:
Gold:   79         SH:  0    Dex: 14    Spells: 5/6 levels left

rFire   . . .        Y - +1 sling
rCold   . . .        (no shield)
rNeg    + . .        f - +0 ring mail
rPois   inf          (no helmet)
rElec   +            (no cloak)
rCorr   .            (no gloves)
SInv    +            (no boots)
Will    .....        (no amulet)
Stlth   +            i - ring of see invisible
HPRegen 0.25/turn    (no ring)
MPRegen 0.10/turn

%: no passive effects
@: no status effects
A: sickness immunity, AC +4, negative energy resistance 1, electricity
resistance, torment resistance 1, petrification resistance
a: no special abilities


You were on level 3 of the Dungeon.
You visited 1 branch of the dungeon, and saw 3 of its levels.

You collected 99 gold pieces.
You spent 20 gold pieces at shops.


Innate Abilities, Weirdness & Mutations

You are immune to sickness and miasma.
Your stone body is resilient. (AC +4)
You are immune to poison.
You resist negative energy. (rN+)
You are resistant to electric shocks. (rElec)
You are resistant to unholy torment.
You are immune to petrification.


   Skills:
 - Level 2.0 Fighting
 + Level 4.6 Ranged Weapons
 - Level 1.2 Armour
 - Level 1.5 Dodging
 - Level 1.0 Spellcasting
 - Level 2.6 Hexes


You had 5 spell levels left.
You knew the following spells:

 Your Spells              Type           Power      Damage    Failure   Level
a - Slow                  Hex            32%        N/A       21%         1

Your spell library contained the following spells:

 Spells                   Type           Power      Damage    Failure   Level
 Inner Flame              Hex/Fire       4%         N/A       71%         3
 Portal Projectile        Hex/Tloc       8%         N/A       71%         3
 Cause Fear               Hex            4%         N/A       90%         4

Inventory:

Hand Weapons
 Y - a +1 sling (weapon)
Armour
 c - a +0 robe of positive energy
 f - a +0 ring mail (worn)
Jewellery
 i - a ring of see invisible (left hand)
Scrolls
 b - a scroll of enchant armour {unknown}
 e - 2 scrolls of identify
Potions
 a - 2 potions of might
 d - a potion of enlightenment
 g - a potion of mutation {unknown}

Dungeon Overview and Level Annotations

Branches:
Dungeon (3/15)

Altars:
Makhleb
Qazlal
Wu Jian

Shops:
D:1 ?   D:2 !


Message History

The gnoll hits you with a +0 flail. The gnoll closely misses you.
The gnoll hits you with a +0 whip.
You shoot a sling bullet. The sling bullet hits the gnoll.
You kill the gnoll!
The gnoll hits you with a +0 flail. The gnoll completely misses you.
You shoot a sling bullet. The sling bullet hits the gnoll.
The gnoll is moderately wounded.
The gnoll barely misses you. The gnoll hits you but does no damage.
You shoot a sling bullet.
The sling bullet hits the gnoll but does no damage.
The gnoll is moderately wounded.
The gnoll hits you but does no damage.
The gnoll hits you from afar with a +0 spear.
The gnoll hits you but does no damage. The gnoll barely misses you.
You shoot a sling bullet.
The sling bullet hits the gnoll but does no damage.
The gnoll is moderately wounded.
The gnoll hits you with a +0 flail.
The gnoll hits you from afar with a +0 spear.
You shoot a sling bullet. The sling bullet hits the gnoll.
The gnoll is severely wounded.
The gnoll barely misses you. The gnoll hits you but does no damage.
You shoot a sling bullet.
The sling bullet closely misses the gnoll.
The gnoll hits you but does no damage. x2; The gnoll barely misses you.
The gnoll hits you but does no damage.
You shoot a sling bullet.
The sling bullet closely misses the gnoll.
The gnoll hits you with a +0 flail.
The gnoll hits you from afar with a +0 spear.
You shoot a sling bullet.
The sling bullet barely misses the gnoll.
The gnoll hits you with a +0 flail. The gnoll hits you but does no damage.
You shoot a sling bullet. The sling bullet hits the gnoll.
The gnoll is almost dead.
The gnoll closely misses you.
The gnoll hits you from afar with a +0 spear.
The gnoll hits you with a +0 flail.
The gnoll hits you from afar with a +0 spear.
You die...

######.........# #
##...#...##.#.........
###..###......#..~~.....
....#####...#....~~.._$.
######......###........
###.#..#..# ......
#......##.###...7
#########..##.)g77...
##...@g......
###..##..... ##..# .##
##.... #####


You could see 2 gnolls.

Vanquished Creatures
  Jessica (D:3)
  A gnoll (D:3)
  3 adders (D:3)
  A worm (D:3)
  An orc (D:3)
  6 ball pythons
  4 bats
  7 endoplasms
  4 giant cockroaches
  8 goblins
  4 hobgoblins (D:1)
  9 kobolds
  A quokka (D:1)
  5 frilled lizards
  4 rats
59 creatures vanquished.

Notes
Turn   | Place    | Note
-------+----------+-------------------------------------------
     0 | D:1      | qw the Gargoyle Hexslinger began the quest for the Orb.
     0 | D:1      | Reached XP level 1. HP: 12/12 MP: 2/2
     0 | D:1      | 0 ||| qw: Version: 0.3-a-51-g015441d
     0 | D:1      | 0 ||| qw: Game counter: 3918
     0 | D:1      | 0 ||| qw: Melee chars always use a shield: true
     0 | D:1      | 0 ||| qw: God list: Okawaru
     0 | D:1      | 0 ||| qw: Allow faded altars: false
     0 | D:1      | 0 ||| qw: Do Orc after clearing Dungeon:15 true
     0 | D:1      | 0 ||| qw: Do second Lair branch before Depths: true
     0 | D:1      | 0 ||| qw: Lair rune preference: random
     0 | D:1      | 0 ||| qw: Goals: Normal
     0 | D:1      | 0 ||| PLANNING D:1-11
   123 | D:1      | Reached XP level 2. HP: 16/16 MP: 3/3
   246 | D:1      | Reached skill level 3 in Ranged Weapons
   295 | D:1      | Found a faded altar of an unknown god.
   383 | D:1      | Reached XP level 3. HP: 21/21 MP: 4/4
   389 | D:1      | Found Jofucrupt's Magic Scroll Shoppe.
   394 | D:1      | 394 ||| SHOPLISTING 2 scrolls of identify (40 gold, have
                  | 24).
   394 | D:1      | 394 ||| SHOPLISTING 2 scrolls of teleportation (60 gold,
                  | have 24).
   394 | D:1      | 394 ||| BUYING scroll of identify (20 gold).
   394 | D:1      | Bought a scroll of identify for 20 gold pieces
   394 | D:1      | 394 ||| SHOPLISTING scroll of identify (20 gold, have 4).
   394 | D:1      | 394 ||| SHOPLISTING scroll of teleportation (30 gold, have
                  | 4).
   762 | D:1      | 762 ||| UPGRADING to +0 ring mail.
   772 | D:1      | 772 ||| DROPPING +0 robe.
   773 | D:1      | 773 ||| UPGRADING to ring of see invisible.
   774 | D:1      | 774 ||| READING scroll labelled FOMIZO QOOBEY.
   775 | D:1      | 775 ||| READING 4 scrolls of identify.
   775 | D:1      | 775 ||| IDENTIFYING red potion
   776 | D:1      | 776 ||| READING 3 scrolls of identify.
   776 | D:1      | 776 ||| IDENTIFYING ruby potion
   777 | D:1      | 777 ||| DROPPING scroll of poison.
   778 | D:1      | 778 ||| DROPPING potion of degeneration.
   830 | D:2      | Found Qilo's Distillery.
   835 | D:2      | 835 ||| SHOPLISTING potion of curing (42 gold, have 4).
   835 | D:2      | 835 ||| SHOPLISTING potion of heal wounds (70 gold, have
                  | 4).
   835 | D:2      | 835 ||| SHOPLISTING potion of might (56 gold, have 4).
   835 | D:2      | 835 ||| SHOPLISTING potion of mutation (112 gold, have 4).
  1672 | D:2      | 1672 ||| READING 2 scrolls labelled ASCHIC HAYRIA.
  1673 | D:2      | 1673 ||| READING scroll labelled JIZAEZI MAWUM.
  1674 | D:2      | 1674 ||| DRINKING 2 black potions.
  1675 | D:2      | 1675 ||| DROPPING scroll of fear.
  1719 | D:3      | Reached XP level 4. HP: 25/26 MP: 5/5
  1746 | D:3      | Noticed Jessica
  1750 | D:3      | Killed Jessica
  1751 | D:3      | Reached skill level 4 in Ranged Weapons
  1763 | D:3      | Found a stormy altar of Qazlal.
  1849 | D:3      | Reached skill level 1 in Armour
  1979 | D:3      | Reached XP level 5. HP: 30/30 MP: 6/6
  1979 | D:3      | Found a burning altar of Makhleb.
  1979 | D:3      | Noticed a green death
  1982 | D:3      | Noticed an orange demon
  1982 | D:3      | Noticed a hellwing
  2062 | D:3      | Found an ornate altar of the Wu Jian Council.
  2081 | D:3      | HP: 7/30 [gnoll/+0 flail (1)]
  2082 | D:3      | HP: 3/30 [gnoll/+0 spear (4)]
  2082 | D:3      | Slain by a gnoll

Levels and vault maps discovered:
D:1:      minmay_arrival_checkered_box, layout_basic,
          hellmonk_ecumenical_altar_heavens_door, serial_shops,
          nicolae_shop_hallway_stairs
D:2:      minmay_angry_zag, layout_loops_corners, serial_shops,
          nicolae_shop_rolling_square
D:3:      layout_rooms, nicolae_wu_jian_wuxing_cycle, makhleb_altar_promises_db,
          grunt_qazlal_clouds, nemelex_dance_club_becter,
          kennysheep_small_spiral, uniq_grinder, uniq_jessica

Skill      XL: |  1  2  3  4 |
---------------+-------------+-----
Ranged Weapons | 3 4 |  4.6
Fighting       | 2 |  2.0
Armour         | 1 |  1.2
Dodging        | |  1.5
Spellcasting   | |  1.0
Hexes          | |  2.6

Action                     |  1- 3 |  4- 6 || total
---------------------------+-------+-------++-------
   Fire: Sling             |   140 |    67 ||   207
    Use: Scroll            |     5 |       ||     5
         Potion            |     1 |       ||     1
 Armour: Robe              |     5 |       ||     5
         Ring mail         |    13 |    19 ||    32
  Dodge: Dodged            |    21 |    25 ||    46

Table legend:
 A = Non-vault XP
 B = Vault XP
 C = Vault XP percentage of total XP
 D = Non-vault monster count
 E = Vault monster count
 F = Vault count percentage of total count
                 A         B        C        D         E       F
            +---------+---------+-------+---------+---------+-------
      Total |     140 |      40 |  22.2 |      56 |       3 |   5.1
            +---------+---------+-------+---------+---------+-------
        D:1 |      43 |       0 |   0.0 |      26 |       0 |   0.0
        D:2 |      27 |       3 |  10.0 |      17 |       2 |  10.5
        D:3 |      70 |      37 |  34.6 |      13 |       1 |   7.1
            +---------+---------+-------+---------+---------+-------
